Map: Cosmic Sapphire

Players

A.I. 1 (Very Easy)

  • Race: Terran Terran
  • Spawn Location: 5:00

PlatoHand - Winner!

  • Race: Zerg Zerg
  • League: Silver
  • Spawn Location: 11:00

VOD

Have the link to the VOD?

Description

Time

  • Played on: Sept. 20, 2022, 12:04 p.m.
  • Length: 10:43
Show
View Real Time Build Order
Export as new Build Order

A.I. 1 (Very Easy) Terran 

Build Orders:  

Get SALT Encoding   

  12  0:00  SCV  
  13  0:13  SCV  
  14  0:18  Supply Depot  
  14  0:37  Refinery  
  14  0:42  Barracks  
  14  1:05  Supply Depot  
  14  1:11  Refinery  
  14  1:29  SCV  
  14  1:30  Marine  
  16  1:41  SCV  
  17  1:54  SCV  
  18  2:02  Marine  
  18  2:06  SCV  
  20  2:18  SCV  
  21  2:30  SCV  
  21  2:34  Marine  
  23  2:43  Orbital Command  
  23  5:46  SCV  
  23  5:47  Marine  
  23  5:48  Supply Depot  
  23  5:49  Factory  
  25  6:10  SCV  
  26  6:13  Supply Depot  
  26  6:20  Barracks Tech Lab  
  26  6:22  SCV  
  24  6:34  SCV  
  24  6:35  Starport  
  24  6:38  Marine  
  26  6:44  Command Center  
  26  6:46  SCV  
  27  7:11  Marine  
  27  7:12  Starport Tech Lab  
  28  7:33  Raven  
  30  7:45  Marauder  
  32  7:57  SCV  
  33  8:04  SCV  
  34  8:07  Refinery  
  34  8:10  Refinery  
  34  8:12  SCV  
  35  8:16  Raven  
  35  8:17  Marine  
  35  8:19  SCV  
  39  8:26  SCV  
  40  8:33  SCV  
  41  8:40  SCV  
  42  8:48  SCV  
  43  8:55  SCV  
  44  9:02  SCV  
  45  9:09  SCV  
  47  9:17  SCV  
  48  9:24  SCV  
  48  9:31  SCV  
  49  9:39  SCV  
  49  9:41  Marine  
  42  9:53  SCV  
  42  9:56  Supply Depot  
  25  10:05  SCV  
  26  10:11  Hellion  
  24  10:17  SCV  
Show
View Real Time Build Order
Export as new Build Order

PlatoHand Zerg - Winner!

Build Orders: Hatch First, Roach Hydra 

Get SALT Encoding   

  12  0:00  Drone  
  13  0:14  Overlord  
  13  0:18  Drone  
  14  0:33  Drone  
  14  0:34  Drone  
  16  0:49  Hatchery  
  15  0:52  Drone  
  15  0:56  Drone  
  17  1:00  Drone  
  17  1:03  Extractor  
  17  1:17  Spawning Pool  
  16  1:20  Drone  
  17  1:28  Drone  
  17  1:31  Drone  
  19  1:41  Drone  
  20  1:54  Overlord  
  20  2:04  Queen x2  
  20  2:06  Zergling x2  
  25  2:11  Zergling x2  
  25  2:13  Metabolic Boost  
  26  2:16  Drone  
  26  2:22  Drone  
  28  2:24  Drone  
  29  2:30  Drone  
  30  2:48  Hatchery  
  29  2:53  Drone  
  29  2:54  Overlord  
  30  3:02  Drone  
  30  3:04  Queen  
  33  3:08  Drone  
  33  3:09  Drone  
  35  3:14  Drone  
  35  3:15  Drone  
  37  3:21  Drone  
  38  3:30  Drone  
  38  3:31  Drone  
  38  3:32  Overlord  
  40  3:34  Drone  
  40  3:37  Drone  
  40  3:38  Drone  
  40  3:40  Drone  
  44  3:54  Drone  
  44  3:55  Queen  
  44  4:00  Overlord  
  46  4:13  Zergling x2  
  46  4:14  Zergling x2  
  46  4:15  Zergling x4  
  46  4:16  Zergling x2  
  51  4:17  Zergling x2  
  51  4:18  Zergling x2  
  51  4:19  Zergling x4  
  51  4:20  Zergling x2  
  57  4:24  Zergling x4  
  58  4:31  Drone  
  58  4:32  Drone  
  58  4:38  Lair  
  60  4:41  Extractor  
  60  4:44  Extractor  
  58  4:46  Overlord  
  58  4:47  Drone x2  
  58  4:48  Drone  
  58  4:50  Drone  
  62  4:53  Drone  
  62  4:54  Drone  
  62  4:55  Drone  
  62  4:57  Overlord  
  65  5:06  Drone x3  
  68  5:08  Drone x3  
  71  5:17  Queen  
  73  5:26  Evolution Chamber  
  72  5:28  Evolution Chamber  
  71  5:37  Hatchery  
  71  5:38  Roach Warren  
  69  5:42  Hatchery  
  68  5:50  Drone x5  
  68  5:51  Drone x2, Overlord  
  68  5:52  Drone, Overlord x2  
  68  5:53  Drone x4  
  68  5:54  Drone x2  
  81  6:04  Zerg Missile Weapons Level 1  
  81  6:06  Zerg Ground Armor Level 1  
  81  6:09  Drone  
  81  6:10  Drone x2  
  84  6:16  Hydralisk Den  
  84  6:18  Glial Reconstitution  
  83  6:21  Drone x4  
  83  6:22  Drone  
  88  6:39  Extractor  
  87  6:51  Overlord x2  
  87  6:58  Extractor x2  
  87  7:00  Drone x2  
  87  7:01  Drone x2  
  89  7:37  Grooved Spines  
  89  7:46  Roach, Overlord x3  
  89  7:47  Overlord  
  89  7:48  Roach x5  
  89  7:49  Roach x4  
  89  7:50  Roach x4  
  89  7:51  Roach x2, Hydralisk x4  
  121  7:54  Overlord x3  
  121  7:55  Hydralisk x2  
  133  8:01  Zerg Missile Weapons Level 2  
  133  8:02  Zerg Ground Armor Level 2  
  133  8:18  Hydralisk x4  
  133  8:19  Hydralisk x6  
  153  8:31  Roach, Hydralisk x3  
  153  8:33  Roach  
  163  8:34  Roach  
  163  8:35  Roach  
  167  8:49  Muscular Augments  
  167  9:04  Overseer  
  167  9:11  Hydralisk  
  167  9:12  Roach x2, Hydralisk x3  
  167  9:13  Roach x2, Hydralisk x2  
  167  9:14  Roach  
  189  9:54  Overlord x2  
Tags
 
Composition
Roach Hydra
League
Silver
Matchup
TvZ
Spawn Locations
Cross Positions
Add a new tag
Caveats
  • Supply blocks, unpowered buildings, or Contaminate may cause inaccurate times.
  • Supply counts are checked every 10 seconds.